[ AOE2 MATCH · #495982149 ]
UnrankedKoreans vs Burmese
Player's team · WIN
Rival team · LOSS
[ REPLAY ANALYSIS · EXTRACTED FROM THE RECORDED GAME ]
Feudal
8:50
Castle
19:27
Imperial
—
| APM avg | 70.4 |
| APM peak | 141 |
| eAPM avg | 25.3 |
| Villagers / military | 75 / 42 |
Focus
⚔️ 44.7% · 🌾 55.3%
Archer ×35 · Iron Pagoda ×4 · Skirmisher ×3
Feudal
8:51
Castle
20:22
Imperial
—
| APM avg | 59.8 |
| APM peak | 93 |
| eAPM avg | 35.3 |
| Villagers / military | 65 / 26 |
Focus
⚔️ 52.2% · 🌾 47.8%
Skirmisher ×17 · Mangonel ×4 · Militia ×3 · Cavalry Archer ×2
Match map
Initial resources + every placement click. Lines = walls · curves = elevation contours. ◆ gold · ⬟ stone · ● berries · ✦ relic · ◌ wall gap
Your base· ✓ Closed at 19:27 · 26t walls · no gate
Chelo's base· ✓ Closed at 20:22 · 45t walls · no gate
Smoothed initial terrain · ◌ = detected wall gap · hover for details
Inputs per minute
— Taeyoon - - Chelo
Build order — Taeyoon
First 150 of 205 actions detected
| 0:00 | Create | Villager (Male) |
| 0:00 | Create | Villager (Male) |
| 0:02 | Build | House |
| 0:03 | Build | House |
| 0:09 | Create | Villager (Male) |
| 0:15 | Create | Villager (Male) |
| 0:15 | Create | Villager (Male) |
| 1:27 | Create | Villager (Male) |
| 1:28 | Create | Villager (Male) |
| 2:04 | Create | Villager (Male) |
| 2:04 | Create | Villager (Male) |
| 2:24 | Create | Villager (Male) |
| 2:54 | Create | Villager (Male) |
| 2:55 | Create | Villager (Male) |
| 3:16 | Create | Villager (Male) |
| 3:16 | Create | Villager (Male) |
| 3:17 | Create | Villager (Male) |
| 3:50 | Build | House |
| 3:51 | Build | House |
| 3:52 | Build | Palisade Wall |
| 3:52 | Build | Palisade Wall |
| 3:53 | Build | Palisade Wall |
| 4:01 | Create | Villager (Male) |
| 4:02 | Create | Villager (Male) |
| 4:25 | Build | Lumber Camp |
| 4:28 | Create | Villager (Male) |
| 4:28 | Create | Villager (Male) |
| 4:37 | Create | Villager (Male) |
| 4:37 | Create | Villager (Male) |
| 4:38 | Create | Villager (Male) |
| 4:54 | Create | Villager (Male) |
| 4:54 | Create | Villager (Male) |
| 5:21 | Build | House |
| 5:30 | Research | Loom |
| 6:00 | Build | Mill |
| 6:35 | Research | Feudal Age |
| 6:36 | Research | Feudal Age |
| 7:59 | Build | Barracks |
| 8:17 | Create | Villager (Male) |
| 8:44 | Build | Palisade Wall |
| 8:46 | Build | Palisade Wall |
| 8:50 | Age | Feudal Age |
| 8:52 | Build | Archery Range |
| 8:57 | Research | Double-Bit Axe |
| 9:23 | Create | Villager (Male) |
| 9:29 | Build | Palisade Wall |
| 9:35 | Create | Archer |
| 9:37 | Build | Palisade Wall |
| 9:44 | Create | Villager (Male) |
| 9:53 | Create | Villager (Male) |
| 9:56 | Build | Mining Camp |
| 10:01 | Build | Palisade Wall |
| 10:07 | Create | Skirmisher |
| 10:12 | Create | Villager (Male) |
| 10:19 | Build | House |
| 10:37 | Create | Skirmisher |
| 10:41 | Create | Villager (Male) |
| 10:49 | Build | Blacksmith |
| 10:52 | Create | Villager (Male) |
| 10:56 | Create | Skirmisher |
| 11:04 | Create | Villager (Male) |
| 11:06 | Build | Farm |
| 11:13 | Build | Farm |
| 11:15 | Build | House |
| 11:24 | Build | House |
| 11:29 | Build | House |
| 11:30 | Create | Villager (Male) |
| 11:32 | Build | Palisade Wall |
| 11:51 | Build | Palisade Wall |
| 11:55 | Build | Palisade Wall |
| 11:57 | Build | Farm |
| 12:01 | Create | Villager (Male) |
| 12:06 | Create | Archer |
| 12:11 | Build | Farm |
| 12:14 | Create | Villager (Male) |
| 12:31 | Create | Archer |
| 12:41 | Research | Fletching |
| 12:56 | Build | Farm |
| 12:58 | Create | Archer |
| 13:08 | Create | Villager (Male) |
| 13:09 | Create | Villager (Male) |
| 13:15 | Build | Farm |
| 13:18 | Create | Archer |
| 13:41 | Build | Farm |
| 13:45 | Create | Villager (Male) |
| 13:48 | Create | Villager (Male) |
| 13:51 | Create | Archer |
| 13:57 | Build | Farm |
| 14:03 | Create | Villager (Male) |
| 14:55 | Build | Farm |
| 14:55 | Create | Villager (Male) |
| 14:57 | Build | Farm |
| 15:06 | Build | Farm |
| 15:07 | Create | Archer |
| 15:07 | Create | Archer |
| 15:16 | Build | Farm |
| 15:29 | Create | Villager (Male) |
| 15:29 | Create | Villager (Male) |
| 15:49 | Build | House |
| 15:56 | Build | House |
| 16:01 | Build | House |
| 16:36 | Build | Farm |
| 16:47 | Research | Castle Age |
| 16:48 | Research | Castle Age |
| 16:50 | Build | Archery Range |
| 17:09 | Create | Archer |
| 17:12 | Research | Horse Collar |
| 17:29 | Research | Gold Mining |
| 17:41 | Create | Archer |
| 17:45 | Create | Archer |
| 17:52 | Build | Lumber Camp |
| 18:03 | Create | Archer |
| 18:16 | Create | Archer |
| 19:15 | Build | Palisade Wall |
| 19:26 | Create | Villager (Male) |
| 19:26 | Create | Villager (Male) |
| 19:27 | Age | Castle Age |
| 19:29 | Research | Crossbowman (upgrade) |
| 19:30 | Research | Bodkin Arrow |
| 19:32 | Build | University |
| 19:43 | Build | Siege Workshop |
| 19:52 | Research | Bow Saw |
| 20:46 | Create | Villager (Male) |
| 20:59 | Create | Iron Pagoda |
| 21:05 | Create | Villager (Male) |
| 21:17 | Research | Ballistics |
| 21:25 | Create | Archer |
| 21:25 | Create | Archer |
| 21:48 | Create | Villager (Male) |
| 21:48 | Create | Villager (Male) |
| 21:48 | Create | Villager (Male) |
| 21:48 | Create | Villager (Male) |
| 21:49 | Build | Farm |
| 22:07 | Create | Iron Pagoda |
| 22:23 | Create | Villager (Male) |
| 22:54 | Create | Archer |
| 22:54 | Create | Archer |
| 22:54 | Create | Archer |
| 23:07 | Create | Villager (Male) |
| 23:14 | Build | Town Center |
| 23:17 | Build | Town Center |
| 23:29 | Create | Villager (Male) |
| 23:30 | Create | Archer |
| 23:30 | Create | Archer |
| 23:34 | Build | House |
| 23:35 | Build | House |
| 24:03 | Create | Villager (Male) |
| 24:03 | Create | Villager (Male) |
| 24:05 | Create | Archer |
| 24:05 | Create | Archer |
Build order — Chelo
First 150 of 170 actions detected
| 0:00 | Create | Villager (Male) |
| 0:01 | Create | Villager (Male) |
| 0:02 | Build | House |
| 0:02 | Build | House |
| 0:04 | Create | Villager (Male) |
| 0:05 | Create | Villager (Male) |
| 1:24 | Create | Villager (Male) |
| 1:24 | Create | Villager (Male) |
| 1:49 | Create | Villager (Male) |
| 1:50 | Create | Villager (Male) |
| 1:51 | Build | Lumber Camp |
| 2:09 | Create | Villager (Male) |
| 2:47 | Create | Villager (Male) |
| 2:47 | Create | Villager (Male) |
| 3:12 | Create | Villager (Male) |
| 3:12 | Create | Villager (Male) |
| 3:32 | Create | Villager (Male) |
| 3:32 | Create | Villager (Male) |
| 3:50 | Build | House |
| 3:56 | Create | Villager (Male) |
| 3:57 | Create | Villager (Male) |
| 4:01 | Create | Villager (Male) |
| 4:01 | Create | Villager (Male) |
| 4:57 | Create | Villager (Male) |
| 4:59 | Create | Villager (Male) |
| 5:07 | Build | Barracks |
| 5:22 | Create | Villager (Male) |
| 5:36 | Research | Loom |
| 5:53 | Build | House |
| 6:41 | Research | Feudal Age |
| 6:41 | Research | Feudal Age |
| 6:41 | Research | Feudal Age |
| 7:01 | Create | Militia |
| 7:30 | Create | Militia |
| 7:33 | Build | Mining Camp |
| 8:10 | Create | Militia |
| 8:11 | Create | Villager (Male) |
| 8:39 | Build | Mill |
| 8:51 | Age | Feudal Age |
| 8:58 | Create | Villager (Male) |
| 9:05 | Build | House |
| 9:31 | Build | Archery Range |
| 9:37 | Create | Villager (Male) |
| 9:56 | Build | House |
| 10:02 | Create | Villager (Male) |
| 10:18 | Build | Farm |
| 10:19 | Build | Farm |
| 10:21 | Create | Villager (Male) |
| 10:30 | Create | Villager (Male) |
| 10:38 | Build | House |
| 10:42 | Create | Skirmisher |
| 10:47 | Build | House |
| 10:51 | Create | Villager (Male) |
| 10:59 | Create | Villager (Male) |
| 11:02 | Research | Horse Collar |
| 11:10 | Build | Farm |
| 11:21 | Build | Palisade Wall |
| 11:28 | Build | House |
| 11:29 | Create | Skirmisher |
| 11:46 | Build | Palisade Wall |
| 11:47 | Create | Villager (Male) |
| 11:58 | Build | Blacksmith |
| 12:06 | Create | Skirmisher |
| 12:14 | Build | Palisade Wall |
| 12:23 | Create | Villager (Male) |
| 12:35 | Build | Farm |
| 12:38 | Build | Farm |
| 12:40 | Create | Skirmisher |
| 12:48 | Create | Villager (Male) |
| 12:57 | Build | Farm |
| 13:07 | Create | Skirmisher |
| 13:13 | Build | Palisade Wall |
| 13:14 | Build | Palisade Wall |
| 13:15 | Build | Palisade Wall |
| 13:20 | Create | Villager (Male) |
| 13:21 | Build | Farm |
| 13:37 | Create | Villager (Male) |
| 13:39 | Build | Farm |
| 13:49 | Build | House |
| 13:51 | Build | Palisade Wall |
| 13:52 | Research | Fletching |
| 13:56 | Create | Skirmisher |
| 14:03 | Build | Farm |
| 14:08 | Create | Villager (Male) |
| 14:09 | Create | Villager (Male) |
| 14:23 | Build | Farm |
| 14:33 | Build | Farm |
| 14:35 | Create | Villager (Male) |
| 14:50 | Build | Farm |
| 14:56 | Build | House |
| 15:04 | Create | Villager (Male) |
| 15:07 | Create | Skirmisher |
| 15:12 | Build | Farm |
| 15:24 | Create | Villager (Male) |
| 15:31 | Build | House |
| 15:37 | Research | Wheelbarrow |
| 15:37 | Research | Wheelbarrow |
| 15:49 | Build | Farm |
| 16:12 | Build | House |
| 16:16 | Build | Farm |
| 16:24 | Create | Skirmisher |
| 16:45 | Build | House |
| 16:59 | Build | Farm |
| 17:01 | Build | Farm |
| 17:03 | Build | Farm |
| 17:08 | Create | Villager (Male) |
| 17:13 | Build | House |
| 17:26 | Build | Palisade Wall |
| 17:32 | Build | Farm |
| 17:42 | Research | Castle Age |
| 17:42 | Research | Castle Age |
| 17:53 | Build | Lumber Camp |
| 18:18 | Create | Skirmisher |
| 18:19 | Research | Padded Archer Armor |
| 18:19 | Research | Padded Archer Armor |
| 18:31 | Research | Gold Mining |
| 18:31 | Research | Gold Mining |
| 18:35 | Research | Padded Archer Armor |
| 18:40 | Create | Villager (Male) |
| 18:55 | Create | Skirmisher |
| 19:06 | Build | Palisade Wall |
| 19:16 | Create | Skirmisher |
| 19:19 | Create | Villager (Male) |
| 19:43 | Create | Skirmisher |
| 19:57 | Build | Archery Range |
| 20:16 | Create | Villager (Male) |
| 20:22 | Age | Castle Age |
| 20:25 | Research | Bodkin Arrow |
| 20:26 | Research | Elite Skirmisher (upgrade) |
| 20:51 | Create | Skirmisher |
| 21:07 | Create | Cavalry Archer |
| 21:07 | Create | Cavalry Archer |
| 21:08 | Create | Villager (Male) |
| 21:27 | Create | Villager (Male) |
| 21:59 | Create | Villager (Male) |
| 22:00 | Build | Siege Workshop |
| 22:02 | Build | Farm |
| 22:02 | Build | Farm |
| 22:05 | Create | Skirmisher |
| 22:06 | Create | Skirmisher |
| 22:26 | Create | Villager (Male) |
| 22:38 | Create | Villager (Male) |
| 22:39 | Create | Mangonel |
| 22:48 | Create | Skirmisher |
| 22:48 | Create | Skirmisher |
| 23:03 | Create | Villager (Male) |
| 23:45 | Build | Town Center |
| 23:55 | Create | Villager (Male) |
| 23:55 | Create | Villager (Male) |
| 24:03 | Create | Villager (Male) |
Match timeline
| 3:52 | Taeyoon · wall_segment Palisade Wall x1 |
| 3:52 | Taeyoon · wall_segment Palisade Wall x1 |
| 3:53 | Taeyoon · wall_segment Palisade Wall x1 |
| 5:07 | Chelo · first_building Barracks |
| 7:59 | Taeyoon · first_building Barracks |
| 8:44 | Taeyoon · wall_segment Palisade Wall x1 |
| 8:46 | Taeyoon · wall_segment Palisade Wall x3 |
| 8:50 | Taeyoon · age_up feudal |
| 8:51 | Chelo · age_up feudal |
| 8:52 | Taeyoon · first_building Archery Range |
| 9:29 | Taeyoon · wall_segment Palisade Wall x5 |
| 9:31 | Chelo · first_building Archery Range |
| 9:37 | Taeyoon · wall_segment Palisade Wall x5 |
| 10:01 | Taeyoon · wall_segment Palisade Wall x1 |
| 11:21 | Chelo · wall_segment Palisade Wall x16 |
| 11:32 | Taeyoon · wall_segment Palisade Wall x1 |
| 11:46 | Chelo · wall_segment Palisade Wall x8 |
| 11:51 | Taeyoon · wall_segment Palisade Wall x3 |
| 11:55 | Taeyoon · wall_segment Palisade Wall x4 |
| 12:14 | Chelo · wall_segment Palisade Wall x2 |
| 13:13 | Chelo · wall_segment Palisade Wall x3 |
| 13:14 | Chelo · wall_segment Palisade Wall x1 |
| 13:15 | Chelo · wall_segment Palisade Wall x1 |
| 13:51 | Chelo · wall_segment Palisade Wall x5 |
| 17:26 | Chelo · wall_segment Palisade Wall x12 |
| 19:06 | Chelo · wall_segment Palisade Wall x1 |
| 19:15 | Taeyoon · wall_segment Palisade Wall x1 |
| 19:27 | Taeyoon · age_up castle |
| 19:43 | Taeyoon · first_building Siege Workshop |
| 20:22 | Chelo · age_up castle |
| 22:00 | Chelo · first_building Siege Workshop |
| 27:14 | Chelo · first_building Monastery |
| 27:45 | Chelo · first_market_sell 100 food |
| 29:12 | Chelo · resign |
[ AI ANALYSIS · 1 CREDIT ]
What really happened in this match?
Wolo.gg analyzes every decision: build order, eco, micro, common mistakes by bracket. Personalized analysis on WhatsApp or Discord in 30 seconds.
Civ guide
Koreans
Perfil
Jugador #1691357